 Dungeon Crawl Stone Soup version 0.30-b1-2-g02819fbbbe (webtiles) character file.

Game seed: 17326572304655107545

2688 raph the Basher (level 9, 0/109 HPs)
             Began as an Armataur Berserker on May 4, 2023.
             Was a Priest of Trog.
             Succumbed to a killer bee's poison
             ... on level 7 of the Dungeon.
             The game lasted 00:08:52 (5515 turns).

raph the Basher (Armataur Berserker)                Turns: 5515, Time: 00:08:52

Health: 0/109      AC: 22    Str: 22    XL:     9   Next: 38%
Magic:  9/9        EV:  7    Int:  8    God:    Trog [***...]
Gold:   251        SH:  0    Dex: 20    Spells: 8/8 levels left

rFire   . . .        a - +2 morningstar
rCold   . . .        (no shield)
rNeg    . . .        C - +8 chain mail "Sylo Wem" {rCorr}
rPois   .            w - +0 helmet
rElec   .            E - +0 cloak
rCorr   +            (no gloves)
SInv    .            (no barding)
Will    .....        (no amulet) Stlth
                     j - +4 ring of protection
HPRegen 0.38/turn    p - +6 ring of dexterity
MPRegen 0.11/turn

%: roll
@: berserking, lethally poisoned (0 -> -24), very quick
A: large, rugged brown scales 3, deformed body, armoured tail, roll, long
tongue, awkward tongue
a: Renounce Religion, Berserk, Trog's Hand


You were on level 7 of the Dungeon.
You worshipped Trog.
Trog was most pleased with you.
You visited 1 branch of the dungeon, and saw 7 of its levels.
You also visited: Ossuary.

You collected 363 gold pieces.
You spent 112 gold pieces at shops.

Inventory:

Hand Weapons
 a - a +2 morningstar (weapon)
 o - a +2 whip of electrocution
 s - a +0 mace
Missiles
 e - 6 poisoned darts (quivered)
 u - 2 boomerangs
Armour
 b - a +0 animal skin
 c - a +0 leather armour
 d - a +1 ring mail
 w - a +0 helmet (worn)
 C - the +8 chain mail "Sylo Wem" (worn) {rCorr}
   (You found it on level 6 of the Dungeon)

   rCorr:     It protects you from acid and corrosion.
 E - a +0 cloak (worn)
Jewellery
 j - a +4 ring of protection (left hand)
 p - a +6 ring of dexterity (right hand)
 y - a ring of positive energy
Wands
 m - a wand of roots (4)
 v - a wand of paralysis (7)
 B - a wand of flame (20)
 D - a wand of polymorph (13)
Scrolls
 f - 2 scrolls of immolation
 h - 4 scrolls of teleportation
Potions
 g - a potion of flight
 i - 3 potions of attraction
 k - a potion of ambrosia
 l - 2 potions of curing
 n - a potion of degeneration {unknown}
 q - 2 potions of cancellation
 r - 6 potions of heal wounds
 t - a potion of haste {unknown}
 x - a potion of might {unknown}
 z - a potion of mutation {unknown}
 A - 2 potions of resistance {unknown}


   Skills:
 + Level 3.1 Fighting
 + Level 11.8 Maces & Flails
 + Level 3.4 Armour
 + Level 1.5 Dodging


You had 8 spell levels left.
You didn't know any spells.
Your spell library was empty.

Dungeon Overview and Level Annotations

Branches:
Dungeon (7/15)            Ossuary (visited)
 Temple: D:4-7

Altars:
Okawaru
Ru

Shops:
D:4 *

Annotations:
D:2 Sigmund


Innate Abilities, Weirdness & Mutations

You are completely covered in rugged brown scales. (AC +3, +7% HP)
Armour fits poorly on your strangely shaped body.
You have a long armoured tail.
You roll when moving toward enemies. (Rampage)
Your long tongue fully drains potion bottles. (2x potion effects)
Your tongue gives you trouble enunciating. (1.5x scroll delay)


Message History

You bludgeon the killer bee!!
You kill the killer bee!
Trog accepts your kill.
You feel very sick. The killer bee stings you.
* * * LOW HITPOINT WARNING * * *
The killer bee stings you but does no damage.
You barely miss the killer bee.
Your tail-slap misses the killer bee.
You feel sick.
The killer bee stings you but does no damage. x4
You puncture the killer bee!
Your tail-slap misses the killer bee.
The killer bee is heavily wounded.
You feel sick.
The killer bee stings you but does no damage. x2
You barely miss the killer bee.
The killer bee is heavily wounded.
You feel sick. The killer bee stings you.
* * * LOW HITPOINT WARNING * * *
The killer bee stings you but does no damage.
You miss the killer bee.
The killer bee is heavily wounded.
You feel sick. The killer bee stings you.
* * * LOW HITPOINT WARNING * * *
You are lethally poisoned!
The killer bee poisons you!
The killer bee stings you but does no damage.
The killer bee stings you.
* * * LOW HITPOINT WARNING * * *
You are more poisoned.
The killer bee poisons you!
The killer bee stings you but does no damage.
You are too berserk!
You hit the killer bee.
The killer bee is almost dead.
* * * LOW HITPOINT WARNING * * *
You feel very sick.
The killer bee stings you but does no damage. x2
You miss the killer bee.
The killer bee is almost dead.
You die...

.... ....###############
#................#
...+................#
...#................#
...#................#
...#....).).........+
...#....).).....yy..####
...#####)###....@†../...
....#......#............
....#......#########....
.†.##.......+ ...
...##.......# ..
....'.......#
...##......##
...##......#
...#.........


You could see 2 killer bees.

Vanquished Creatures
  Pikel (D:4)
  Grinder (D:4)
  Eustachio (D:4)
  2 water moccasins (D:6)
  An ice beast (D:6)
  2 ogres (D:6)
  A phantom (D:5)
  A bullfrog (D:6)
  3 scorpions (D:5)
  3 water moccasin zombies (Ossuary)
  8 killer bees (D:7)
  A hound (D:6)
  2 jellies (D:4)
  5 orc priests
  A sleepcap (D:6)
  Ijyb (D:3)
  3 iguanas
  An orc wizard (D:6)
  2 mummies (Ossuary)
  2 adders
  2 shadow imps
  2 ufetubi
  5 adder zombies (Ossuary)
  3 dart slugs
  22 orcs
  3 ball pythons
  2 bats (D:1)
  6 endoplasms
  2 giant cockroaches
  3 gnoll zombies (Ossuary)
  6 goblins
  2 hobgoblins
  3 kobolds
  7 quokkas
  6 frilled lizards
  3 hobgoblin zombies (Ossuary)
  5 kobold zombies (Ossuary)
  3 orc zombies (Ossuary)
  3 rats
130 creatures vanquished.

Notes
Turn   | Place    | Note
-------+----------+-------------------------------------------
     0 | D:1      | raph the Armataur Berserker began the quest for the Orb.
     0 | D:1      | Reached XP level 1. HP: 19/19 MP: 1/1
    98 | D:1      | Reached skill level 3 in Maces & Flails
   252 | D:1      | Reached XP level 2. HP: 24/26 MP: 2/2
   677 | D:1      | Found a faded altar of an unknown god.
   741 | D:1      | Reached ** piety under Trog
   852 | D:1      | Reached XP level 3. HP: 32/32 MP: 3/3
  1459 | D:2      | Noticed Sigmund
  1550 | D:3      | Noticed Ijyb
  1567 | D:3      | Killed Ijyb
  1568 | D:3      | Reached skill level 4 in Maces & Flails
  2008 | D:3      | Reached XP level 4. HP: 39/39 MP: 4/4
  2402 | D:4      | Found a sand-covered staircase.
  2407 | Ossuary  | Entered an ossuary
  2423 | Ossuary  | Reached skill level 5 in Maces & Flails
  2504 | Ossuary  | Reached XP level 5. HP: 44/44 MP: 5/5
  2567 | Ossuary  | Reached skill level 6 in Maces & Flails
  2567 | Ossuary  | Reached XP level 6. HP: 50/53 MP: 6/6
  2569 | Ossuary  | Reached *** piety under Trog
  2677 | D:4      | Noticed Grinder
  2682 | D:4      | Paralysed by Grinder for 2 turns
  2695 | D:4      | Killed Grinder
  2696 | D:4      | Reached skill level 7 in Maces & Flails
  2696 | D:4      | Reached XP level 7. HP: 59/59 MP: 7/7
  2845 | D:4      | Found Veovotio's General Store.
  2848 | D:4      | Bought a potion of curing for 42 gold pieces
  2848 | D:4      | Bought a potion of flight for 42 gold pieces
  2848 | D:4      | Bought a scroll of identify for 28 gold pieces
  2856 | D:4      | Noticed Pikel
  2865 | D:4      | Killed Pikel
  2866 | D:4      | Reached skill level 9 in Maces & Flails
  2866 | D:4      | Reached XP level 8. HP: 66/66 MP: 8/8
  3126 | D:4      | Noticed Eustachio
  3143 | D:4      | Killed Eustachio
  3478 | D:5      | Entered Level 5 of the Dungeon
  3768 | D:5      | Reached skill level 10 in Maces & Flails
  4088 | D:5      | Found a sacrificial altar of Ru.
  4786 | D:6      | Reached skill level 11 in Maces & Flails
  4793 | D:6      | Reached XP level 9. HP: 63/72 MP: 9/9
  4883 | D:6      | Identified the +8 chain mail "Sylo Wem" {rCorr}
  4904 | D:6      | Found an iron altar of Okawaru.
  5164 | D:6      | Identified the +0 pair of boots "Jepohuano" {rPois Int+2}
  5514 | D:7      | HP: 3/109 [poisoned by a killer bee]
  5515 | D:7      | Succumbed to a killer bee's poison

Illustrated notes

Levels and vault maps discovered:
D:1:      evilmike_arrival_crescent, layout_loops_ring,
          dreamdust_ecumenical_altar_hidden_monk_grotto
D:2:      layout_loops_corners, chequers_serial_rivers_room_b, uniq_sigmund
D:3:      layout_basic, uniq_ijyb
D:4:      layout_cave_pools, enter_ossuary_2, serial_shops,
          nicolae_shop_behind_doors, kennysheep_generic_room_11, uniq_eustachio,
          uniq_grinder, uniq_pikel
D:5:      layout_basic, mainiacjoe_overflow_alcove_2, kennysheep_cluttered_room
D:6:      layout_loops_ring, mainiacjoe_overflow_concentric_impassable,
          minmay_pentangle
D:7:      layout_gridville, kiku_gazebo_garden_becter, kennysheep_mini,
          minmay_temple_entry_offerings

Skill      XL: |  1  2  3  4  5  6  7  8  9 |
---------------+----------------------------+-----
Maces & Flails | 3 4 5 6 7 9 11 | 11.8
Armour         | 3 |  3.4
Fighting       | 3 |  3.1
Dodging        | |  1.5

Action                     |  1- 3 |  4- 6 |  7- 9 || total
---------------------------+-------+-------+-------++-------
  Melee: Mace              |   108 |       |       ||   108
         Tailslap          |     9 |     9 |    29 ||    47
         Whip              |     2 |    87 |       ||    89
         Punch             |     1 |     1 |     1 ||     3
         Morningstar       |       |    12 |   189 ||   201
 Invoke: Berserk           |     1 |     1 |     7 ||     9
         Trog's Hand       |       |     1 |       ||     1
    Use: Scroll            |     4 |     2 |     9 ||    15
 Armour: Ring mail         |    51 |    29 |    81 ||   161
         Chain mail        |       |       |    70 ||    70
  Dodge: Dodged            |    37 |    24 |    88 ||   149
